 Dungeon Crawl Stone Soup version 0.31-a0-1424-g2add1c7226 (webtiles) character file.

Game seed: 1010301779795149819

95 Rennog the Ruffian (level 4, -1/29 HPs)
             Began as an Octopode Shapeshifter on Dec 27, 2023.
             Slain by a hobgoblin (3 damage)
             ... on level 4 of the Dungeon.
             The game lasted 00:02:01 (1561 turns).

Rennog the Ruffian (Octopode Shapeshifter)          Turns: 1561, Time: 00:02:01

Health: -1/29      AC:  1    Str: 15    XL:     4   Next: 66%
Magic:  4/4        EV: 13    Int: 12    God:
Gold:   160        SH:  0    Dex: 11    Spells: 3/3 levels left

rFire   . .          .
                       - Unarmed
rCold   . . .        (no shield)
rNeg    . . .        (helmet currently unavailable)
rPois   .            (no amulet)
rElec   .            (no ring)
rCorr   .            (no ring)
SInv    .            (no ring)
Will    .....        (no ring)
Stlth   ++           (no ring)
HPRegen 0.24/turn    (no ring)
MPRegen 0.09/turn    (no ring)
                     (no ring)

%: no passive effects
@: beast-form
A: beast (slay +2), almost no armour, amphibious, 8 rings, camouflage 1,
gelatinous body 1, (nimble swimmer 1), tentacles
a: Begin Untransformation


You were on level 4 of the Dungeon.
You were a hulking beast.
You visited 1 branch of the dungeon, and saw 4 of its levels.

You collected 160 gold pieces.

Inventory:

Missiles
 o - 2 throwing nets
Talismans
 b - a beast talisman
 c - a flux talisman
 h - a maw talisman
Scrolls
 d - 3 scrolls of teleportation {unknown}
 j - a scroll of amnesia {unknown}
 k - 3 scrolls of identify {unknown}
 l - a scroll of brand weapon {unknown}
 p - a scroll of blinking {unknown}
 q - a scroll of immolation {unknown}
Potions
 a - a potion of lignification
 e - 2 potions of degeneration {unknown}
 f - 2 potions of might {unknown}
 g - 4 potions of heal wounds {unknown}
 i - a potion of cancellation {unknown}
 m - a potion of haste {unknown}
 n - 2 potions of mutation {unknown}


   Skills:
 + Level 2.1 Fighting
 - Level 2.0 Dodging
 * Level 4.1 Unarmed Combat
 * Level 3.7 Shapeshifting


You had 3 spell levels left.
You didn't know any spells.
Your spell library was empty.

Dungeon Overview and Level Annotations

Branches:
Dungeon (4/15)
 Temple: D:4-7

Altars:

Shops:
D:1 *


Innate Abilities, Weirdness & Mutations

You are a hulking beast.
Your limbs bulge with bestial killing power. (Slay +2)
You cannot wear most types of armour.
You are amphibious.
You can wear up to eight rings at the same time.
Your skin changes colour to match your surroundings (Stealth+).
Your rubbery body absorbs attacks. (AC +1, EV +1)
((You are camouflaged when in or above water. (Stealth+)))
You have tentacles for arms and can constrict up to eight enemies at once.


Message History

There is a stone staircase leading up here.
The orc shouts!
You hear a shout! x2; You hear an angry hiss.
A hobgoblin comes into view.
An adder and 2 orcs come into view.
An orc is wielding a +0 dagger of venom.
The adder hisses angrily.
The orc shouts!
The adder moves out of view.
Found a scroll labelled LYIT MUOMIEKH.
There is a stone staircase leading up here.
The adder bites you.
You climb upwards.
There is a stone staircase leading down here.
You barely miss the adder. You grab the adder. You squeeze the adder.
The adder is heavily wounded.
You constrict the adder. The adder closely misses you.
You tentacle-slap the adder.
You kill the adder!
No target in view!
No target in view!
No target in view!
You start resting.
HP restored.
You climb downwards.
A ball python comes into view.
The orc hits you with a +0 hand axe.
The ball python moves out of view.
There is a stone staircase leading up, spattered with blood here.
You closely miss the orc. Your grab misses the orc.
The orc hits you with a +0 hand axe. The hobgoblin barely misses you.
The ball python hisses angrily.
You tentacle-slap the orc. You grab the orc. You squeeze the orc.
The orc is moderately wounded.
You constrict the orc. The orc hits you with a +0 hand axe.
The hobgoblin misses you.
Unknown command.
You release your grip on the orc.
The orc hits you with a +0 dagger.
* * * LOW HITPOINT WARNING * * *
The orc hits you with a +0 hand axe.
* * * LOW HITPOINT WARNING * * *
The hobgoblin hits you.
You die...

# # ###### .#.#
#..ho###.....
#..og........
##..o....#..
#...#...#
#.....##.S.....
......# .......
..##....
....... . #..).
....... ....
.?.....


You could see 3 orcs, a hobgoblin and a ball python.

Vanquished Creatures
  A gnoll (D:3)
  3 adders
  3 dart slugs
  An orc (D:3)
  4 ball pythons
  8 bats
  6 endoplasms
  2 giant cockroaches (D:1)
  3 goblins
  A hobgoblin (D:2)
  4 jackals (D:2)
  2 quokkas
  7 frilled lizards
  4 kobolds
  2 rats (D:1)
51 creatures vanquished.

Notes
Turn   | Place    | Note
-------+----------+-------------------------------------------
     0 | D:1      | Rennog the Octopode Shapeshifter began the quest for the
                  | Orb.
     0 | D:1      | Reached XP level 1. HP: 13/13 MP: 1/1
    26 | D:1      | Found Cacysch's General Store.
   102 | D:1      | Reached XP level 2. HP: 15/18 MP: 2/2
   586 | D:2      | Reached XP level 3. HP: 19/23 MP: 3/3
  1111 | D:3      | Reached XP level 4. HP: 29/29 MP: 4/4
  1253 | D:3      | Reached skill level 4 in Unarmed Combat
  1561 | D:4      | Slain by a hobgoblin

Illustrated notes

Levels and vault maps discovered:
D:1:      lightli_arrival_noodles, layout_rooms, serial_shops,
          nicolae_shop_rolling_square
D:2:      layout_rooms, grunt_ministairs_9
D:3:      layout_rooms, kennysheep_generic_room_8
D:4:      layout_cave_pools, chequers_decorated_corner

Skill      XL: |  1  2  3  4 |
---------------+-------------+-----
Fighting       | 2 |  2.1
Unarmed Combat | 4 |  4.1
Dodging        | |  2.0
Shapeshifting  | |  3.7

Action                     |  1- 3 |  4- 6 || total
---------------------------+-------+-------++-------
  Melee: Unarmed           |    74 |    22 ||    96
         Constrict         |    18 |     5 ||    23
         Tentacles         |    10 |     3 ||    13
         Punch             |     2 |       ||     2
   Stab: Sleeping          |     3 |     4 ||     7
 Armour: Skin              |    27 |    11 ||    38
  Dodge: Dodged            |    51 |    10 ||    61

Table legend: (Time is in decaauts)
 A = Elapsed time spent in this place.
 B = Non-inter-level travel time spent in this place.
 C = Inter-level travel time spent in this place.
 D = Time resting spent in this place.
 E = Time spent auto-exploring this place.
 F = Levels seen in this place.
 G = Mean time per level.
                   A        B        C        D        E       F      G
               +--------+--------+--------+--------+--------+-----+--------+
         Total |   1555 |   1457 |     98 |      8 |   1143 |   4 |  388.8 |
       Dungeon |   1555 |   1457 |     98 |      8 |   1143 |   4 |  388.8 |
               +--------+--------+--------+--------+--------+-----+--------+

Top non-repeatable levels by time:
     D:3: 555 daAuts
     D:2: 503 daAuts
     D:1: 485 daAuts
     D:4: 11 daAuts
